 Dungeon Crawl Stone Soup version 0.21.1-1-g345015f (webtiles) character file.

23022 lyrx the Devastator (level 12, -29/77 HPs)
             Began as a Demonspawn Conjurer on Apr 2, 2018.
             Was a High Priest of Vehumet.
             Hit by a large rock thrown by a stone giant (40 damage)
             ... in a volcano.
             The game lasted 02:24:36 (21118 turns).

lyrx the Devastator (Demonspawn Conjurer)          Turns: 21118, Time: 02:24:36

Health: -29/77     AC: 12    Str: 11    XL:     12   Next: 68%
Magic:  26/26      EV: 17    Int: 20    God:    Vehumet [*****.]
Gold:   1137       SH:  6    Dex: 13    Spells: 9/32 levels left

rFire    + . .     SeeInvis .   g - +5 flail (freeze) (curse)
rCold    . . .     Gourm    .   L - +1 buckler
rNeg     . . .     Faith    .   a - +0 robe
rPois    .         Spirit   .   N - +2 hat
rElec    .         Reflect  .   M - +2 cloak {+Inv}
rCorr    .         Harm     .   x - +2 pair of gloves
MR       .....                  (no boots)
Stlth    ++........             (no amulet)
HPRegen  0.22/turn              p - ring of protection from fire
MPRegen  0.20/turn              A - +3 ring of evasion

@: no status effects
A: horns 2, rugged brown scales 2, powered by pain 1, spiny 3
a: Renounce Religion, Evoke Invisibility


You were in a volcano.
You worshipped Vehumet.
Vehumet was extremely pleased with you.
You were not hungry.

You visited 3 branches of the dungeon, and saw 14 of its levels.
You also visited: Ossuary and Volcano.

You collected 1137 gold pieces.

Inventory:

Hand Weapons
 g - a cursed +5 flail of freezing (weapon)
 t - the +5 hunting sling of Adwyotaf {venom, rF+ MR+, unknown}
   (You found it on level 2 of the Lair of Beasts)

   It poisons the ammo it fires.
   It protects you from fire.
   It affects your resistance to hostile enchantments.
Armour
 a - a +0 robe (worn)
 x - a +2 pair of gloves (worn)
 L - a +1 buckler (worn)
 M - a +2 cloak of invisibility (worn)
 N - a +2 hat (worn)
Jewellery
 l - an uncursed ring of protection from magic
 m - a +2 ring of protection
 p - a ring of protection from fire (left hand)
 r - an uncursed ring of flight
 A - a +3 ring of evasion (right hand)
 D - an uncursed ring of see invisible
 T - an uncursed amulet of regeneration
 U - a +3 amulet of reflection
Wands
 s - a wand of paralysis (13)
 v - a wand of polymorph (13)
 B - a wand of disintegration (19)
 E - a wand of acid (14)
 Z - a wand of flame (40)
Scrolls
 d - 8 scrolls of teleportation
 f - a scroll of fear
 i - a scroll of enchant weapon
 k - 3 scrolls of remove curse
 n - 3 scrolls of amnesia
 o - 3 scrolls of identify
 G - 2 scrolls of magic mapping
 V - a scroll of blinking
Potions
 e - a potion of cancellation
 h - 3 potions of agility
 j - 9 potions of curing
 u - 4 potions of heal wounds
 w - a potion of mutation
 z - a potion of invisibility
 H - 3 potions of resistance
 P - 4 potions of brilliance
Books
 b - a book of Conjurations

   Spells                             Type                      Level
   a - Magic Dart                     Conjuration                  1
   b - Searing Ray                    Conjuration                  2
   c - Dazzling Spray                 Conjuration/Hexes            3
   d - Fulminant Prism                Conjuration/Hexes            4
   e - Force Lance                    Conjuration/Translocation    4
   f - Iskenderun's Mystic Blast      Conjuration                  4
 y - a book of Clouds

   Spells                             Type                      Level
   a - Poisonous Vapours              Poison/Air                   2
   b - Mephitic Cloud                 Conjuration/Poison/Air       3
   c - Conjure Flame                  Conjuration/Fire             3
   d - Freezing Cloud                 Conjuration/Ice/Air          6
   e - Ring of Flames                 Charms/Fire                  7
 S - a book of Power

   Spells                             Type                      Level
   a - Iskenderun's Battlesphere      Conjuration/Charms           5
   b - Venom Bolt                     Conjuration/Poison           5
   c - Bolt of Magma                  Conjuration/Fire/Earth       5
   d - Iron Shot                      Conjuration/Earth            6
   e - Orb of Destruction             Conjuration                  7
   f - Spellforged Servitor           Conjuration/Summoning        7
 W - a book of Frost

   Spells                             Type                      Level
   a - Freeze                         Ice                          1
   b - Throw Frost                    Conjuration/Ice              2
   c - Ozocubu's Armour               Charms/Ice                   3
   d - Throw Icicle                   Conjuration/Ice              4
   e - Summon Ice Beast               Ice/Summoning                4
Miscellaneous
 I - a fan of gales
Comestibles
 c - 6 rations


   Skills:
 + Level 4.2 Dodging
 - Level 2.0 Stealth
 + Level 5.1 Shields
 + Level 10.7 Spellcasting
 * Level 16.1 Conjurations
 - Level 2.0 Poison Magic


You had 9 spell levels left.
You knew the following spells:

 Your Spells              Type           Power        Failure   Level  Hunger
a - Magic Dart            Conj           ####         0%          1    None
b - Searing Ray           Conj           ######       0%          2    None
c - Iskenderun's Mystic   Conj           ######..     1%          4    ##.....
d - Force Lance           Conj/Tloc      #####...     1%          4    ##.....
e - Venom Bolt            Conj/Pois      #####.....   1%          5    ####...
f - Orb of Destruction    Conj           ######....   1%          7    #######


Dungeon Overview and Level Annotations

Branches:
Dungeon (10/15)            Temple (1/1) D:4            Lair (3/6) D:10
 Shoals (0/4) Lair:3          Orc (0/2) D:9
  Snake: Lair:2-4    Spider: Lair:2-4

Altars:
Ashenzari
Cheibriados
Dithmenos
Elyvilon
Fedhas
Gozag
Hepliaklqana
Kikubaaqudgha
Makhleb
Nemelex Xobeh
Okawaru
Qazlal
Ru
Sif Muna
Trog
Uskayaw
Vehumet
Wu Jian
Xom
Yredelemnul
Zin
The Shining One

Shops:
D:4 %   D:6 :   D:9 [(   D:10 [

Annotations:
D:5 1 runed door


Innate Abilities, Weirdness & Mutations

You have a pair of horns on your head.
You are mostly covered in rugged brown scales. (AC +2, +5% HP)
You sometimes gain a little power by taking damage.
You are completely covered in sharp spines.


Message History

The volcano roars to life, belching forth lava!
You open the door.
A stone giant comes into view.
The stone giant shouts!
Found a rocky tunnel leading out of this place.
The stone giant throws a large rock.
The large rock hits you!!
You see here a large rock.
Casting: Orb of Destruction
Confirm with . or Enter, or press ? or * to list all spells.
Aiming: Orb of Destruction
Press: ? - help, Shift-Dir - straight line, f - stone giant
Aim: a stone giant The stone giant throws a large rock.
The large rock hits you!!
* * * LOW HITPOINT WARNING * * *
You focus on the pain.
You feel your power returning.
The orb of destruction hits the stone giant.
The stone giant is severely wounded.
The stone giant throws a large rock.
The large rock hits you!!!
Ouch! That really hurt!
You die...

≈§§§≈≈≈.# #.# ≈§§≈≈≈≈.# #.#
≈§≈≈≈≈≈.# #.# #..≈§§
§§≈≈§§≈.######.#)# #.≈§§§≈§
§≈≈≈≈≈§§#......#.# #.§§§≈≈≈
≈≈≈≈§§≈§###++###)### ###.§§§§≈§
≈§§§§§§.#....#.....# ...#.§§§≈§§
§§§≈§§§§#.∩..#.8_8.#..∩.#§≈≈§§§§
≈≈§≈≈≈≈.#...)'.@(§§§C...#§≈§§§§§
≈§§≈≈≈≈§#################.§§≈≈§≈
≈≈≈≈≈≈≈≈§§§§....§§...§§....§≈≈≈≈§
≈§≈≈§≈§§§§§§≈≈§≈§§§.§≈§§§.§§§§§§§
§≈≈≈§§≈§§§§§≈≈≈≈§§≈≈§§≈≈≈≈§§§§.§§
≈≈≈§§§§§§§§≈≈≈≈≈§§§§§§≈≈≈≈≈§§§≈≈.
≈≈≈≈≈≈≈≈≈≈≈≈≈≈≈≈≈§§§§§≈≈≈≈§§§≈≈≈§
≈≈§§≈≈≈≈≈≈≈≈≈≈≈≈§§§§§≈§≈≈≈≈≈§≈≈§§
≈≈≈≈≈≈≈§§≈≈≈≈≈§≈≈§§§≈§≈≈≈≈≈§≈≈≈≈§


You could see a stone giant.

Vanquished Creatures
  3 hydras
  6 two-headed ogres
  An unseen horror (D:10)
  Pikel (D:9)
  Maurice (D:8)
  3 gargoyles (Volcano)
  A spiny frog (Lair:1)
  An efreet (Volcano)
  2 komodo dragons
  A troll (D:9)
  A hippogriff (Lair:3)
  5 blink frogs (Lair:1)
  4 dream sheep (Lair:2)
  8 spriggans (Lair:1)
  2 wyverns (D:9)
  A basilisk (Lair:2)
  2 fire bats (Volcano)
  22 yaks
  A hungry ghost (D:10)
  5 swamp worms (Lair:1)
  8 water moccasins
  5 porcupines
  4 sky beasts
  4 orc warriors
  A black bear (D:8)
  3 slaves (D:9)
  3 ogres
  A centaur (D:10)
  2 crocodiles (Lair:1)
  A big kobold (D:7)
  A gnoll sergeant (D:10)
  13 bullfrogs
  An earth elemental (Volcano)
  A water moccasin zombie (D:5)
  4 scorpions
  2 jellies (D:10)
  8 wights
  An electric eel (Lair:2)
  6 howler monkeys
  3 crimson imps
  A quasit (D:6)
  A centaur zombie (D:5)
  7 hounds
  5 lava snakes (Volcano)
  2 centaur skeletons (D:7)
  3 orc priests
  7 orc wizards
  A gnoll shaman (D:9)
  A bullfrog skeleton (D:8)
  4 worker ants
  An iguana (D:7)
  Ijyb (D:3)
  5 big kobold zombies (Ossuary)
  A hound zombie (D:7)
  2 mummies (Ossuary)
  Robin (D:3)
  2 worker ant zombies
  5 adders
  10 gnolls
  2 shadow imps
  An adder skeleton (D:9)
  18 worms
  4 dart slugs
  4 leopard geckos
  42 orcs
  13 giant cockroaches
  3 gnoll zombies (Ossuary)
  9 hobgoblins
  4 jackals (D:1)
  8 kobolds
  3 quokkas
  2 ball pythons
  7 bats
  4 frilled lizards
  15 goblins
  A goblin zombie (Ossuary)
  A hobgoblin zombie (Ossuary)
  A jackal skeleton (D:4)
  A leopard gecko skeleton (D:5)
  4 orc zombies (Ossuary)
  3 rats
  A plant (Lair:1)
354 creatures vanquished.

Vanquished Creatures (others)
  2 fungi (Lair:2)
  5 plants
7 creatures vanquished.

Grand Total: 361 creatures vanquished

Notes
Turn   | Place    | Note
-------+----------+-------------------------------------------
     0 | D:1      | lyrx the Demonspawn Conjurer began the quest for the Orb.
     0 | D:1      | Reached XP level 1. HP: 13/13 MP: 3/3
   354 | D:1      | Gained mutation: You sometimes gain a little power by taking damage. [demonic ancestry]
   354 | D:1      | Reached XP level 2. HP: 17/19 MP: 3/5
   510 | D:1      | Learned a level 2 spell: Searing Ray
  1463 | D:1      | Reached skill level 5 in Conjurations
  1473 | D:1      | Gained mutation: You are partially covered in sharp spines. [demonic ancestry]
  1473 | D:1      | Reached XP level 3. HP: 20/24 MP: 0/6
  2797 | D:3      | Noticed Robin
  3034 | D:3      | Reached XP level 4. HP: 30/30 MP: 3/7
  3751 | D:3      | Reached skill level 6 in Conjurations
  3758 | D:3      | Learned a level 4 spell: Iskenderun's Mystic Blast
  3875 | D:3      | Gained mutation: You have a pair of small horns on your head. [demonic ancestry]
  3875 | D:3      | Reached XP level 5. HP: 13/35 MP: 0/8
  4283 | D:3      | Noticed Ijyb
  4491 | D:3      | Killed Ijyb
  4569 | D:3      | Killed Robin
  4685 | D:3      | Found a sparkling altar of Nemelex Xobeh.
  4906 | D:3      | Reached skill level 7 in Conjurations
  5281 | D:3      | Gained mutation: You are mostly covered in sharp spines. [demonic ancestry]
  5281 | D:3      | Reached XP level 6. HP: 41/41 MP: 3/9
  5705 | D:4      | Found a staircase to the Ecumenical Temple.
  5714 | Temple   | Entered the Ecumenical Temple
  5749 | Temple   | Became a worshipper of Vehumet
  5896 | D:4      | Found Kaaletzo's Food Shop.
  5934 | D:4      | Found a sand-covered staircase.
  5939 | Ossuary  | Entered an ossuary
  6940 | D:4      | Reached skill level 8 in Conjurations
  7667 | D:5      | Entered Level 5 of the Dungeon
  7697 | D:5      | Reached XP level 7. HP: 46/46 MP: 3/10
  7742 | D:5      | Reached * piety under Vehumet
  7742 | D:5      | Offered knowledge of Freeze by Vehumet.
  7748 | D:5      | Learned a level 4 spell: Force Lance
  8164 | D:5      | Found a glowing silver altar of Zin.
  8164 | D:5      | Noticed an angel
  8165 | D:5      | Found a runed door.
  8599 | D:6      | Found Zisi's Book Emporium.
  9434 | D:6      | Reached skill level 9 in Conjurations
  9781 | D:7      | Gained mutation: You have a pair of horns on your head. [demonic ancestry]
  9781 | D:7      | Reached XP level 8. HP: 52/52 MP: 4/13
 10372 | D:7      | Reached skill level 10 in Conjurations
 10823 | D:7      | Reached skill level 5 in Spellcasting
 11225 | D:8      | Noticed a two-headed ogre
 11644 | D:8      | Gained mutation: You are partially covered in rugged brown scales. (AC +1, +3% HP) [demonic ancestry]
 11644 | D:8      | Reached XP level 9. HP: 52/58 MP: 11/16
 11673 | D:8      | Got a warped ivory ring
 11675 | D:8      | Identified the ring of Baiteasa {rC+ Str-5 Dex+6 Slay+1 SInv} (You found it on level 8 of the Dungeon)
 11928 | D:8      | Offered knowledge of Sandblast by Vehumet.
 11933 | D:8      | Reached ** piety under Vehumet
 12017 | D:8      | Reached skill level 11 in Conjurations
 12065 | D:8      | Noticed a two-headed ogre
 12090 | D:8      | Killed a two-headed ogre
 12090 | D:8      | Reached skill level 1 in Shields
 12182 | D:8      | Noticed Maurice
 12287 | D:8      | Killed a two-headed ogre
 12377 | D:8      | Killed Maurice
 12377 | D:8      | Reached skill level 12 in Conjurations
 12690 | D:8      | Reached XP level 10. HP: 64/64 MP: 16/20
 13833 | D:9      | Noticed a two-headed ogre
 13841 | D:9      | Killed a two-headed ogre
 13902 | D:9      | Noticed Pikel
 14061 | D:9      | Offered knowledge of Stone Arrow by Vehumet.
 14147 | D:9      | Killed Pikel
 14147 | D:9      | Reached skill level 13 in Conjurations
 14330 | D:9      | Learned a level 5 spell: Venom Bolt
 14338 | D:9      | Learned a level 7 spell: Orb of Destruction
 14374 | D:9      | Found a staircase to the Orcish Mines.
 14375 | D:9      | Found Qaur's Weapon Emporium.
 14522 | D:9      | Found Gopi's Armour Emporium.
 14899 | D:10     | Entered Level 10 of the Dungeon
 15117 | D:10     | Noticed a two-headed ogre
 15123 | D:10     | Killed a two-headed ogre
 15185 | D:10     | Found a staircase to the Lair.
 15227 | D:10     | Noticed a two-headed ogre
 15232 | D:10     | Killed a two-headed ogre
 15232 | D:10     | Reached *** piety under Vehumet
 15232 | D:10     | Gained mutation: You are mostly covered in rugged brown scales. (AC +2, +5% HP) [demonic ancestry]
 15232 | D:10     | Reached XP level 11. HP: 64/71 MP: 3/23
 15384 | D:10     | Noticed a two-headed ogre
 15392 | D:10     | Killed a two-headed ogre
 15801 | D:10     | Found Iruqeas's Armour Shop.
 15952 | D:10     | Reached skill level 1 in Poison Magic
 16300 | D:10     | Killed an unseen horror
 16300 | D:10     | Offered knowledge of Static Discharge by Vehumet.
 16302 | D:10     | Reached skill level 14 in Conjurations
 16410 | Lair:1   | Entered Level 1 of the Lair of Beasts
 17826 | Lair:1   | Reached **** piety under Vehumet
 18155 | Lair:1   | Offered knowledge of Airstrike by Vehumet.
 18431 | Lair:1   | Noticed a six-headed hydra
 18442 | Lair:1   | Killed a six-headed hydra
 18775 | Lair:2   | Noticed a five-headed hydra
 18779 | Lair:2   | Killed a five-headed hydra
 18779 | Lair:2   | Reached skill level 15 in Conjurations
 18779 | Lair:2   | Gained mutation: You are completely covered in sharp spines. [demonic ancestry]
 18779 | Lair:2   | Reached XP level 12. HP: 77/77 MP: 16/25
 19035 | Lair:2   | Got an encrusted hunting sling
 19269 | Lair:2   | Reached skill level 10 in Spellcasting
 19638 | Lair:2   | Reached skill level 5 in Shields
 19774 | Lair:2   | Reached ***** piety under Vehumet
 19779 | Lair:2   | Offered knowledge of Olgreb's Toxic Radiance by Vehumet.
 20177 | Lair:3   | Noticed a six-headed hydra
 20181 | Lair:3   | Killed a six-headed hydra
 20319 | Lair:3   | Found a dark tunnel.
 20340 | Volcano  | Entered a volcano
 20920 | Volcano  | Found a radiant altar of Vehumet.
 20927 | Volcano  | Reached skill level 16 in Conjurations
 21114 | Volcano  | Noticed a stone giant
 21118 | Volcano  | Hit by a large rock thrown by a stone giant

Skill      XL: |  1  2  3  4  5  6  7  8  9 10 11 12 |
---------------+-------------------------------------+-----
Conjurations   | 5 6 7 8 9 10 12 13 15 16 | 16.1
Stealth        | 2 |  2.0
Spellcasting   | 3 5 6 8 9 10 | 10.7
Dodging        | 2 3 4 |  4.2
Shields        | 2 4 5 |  5.1
Poison Magic   | 2 |  2.0

Action                   |  1- 3 |  4- 6 |  7- 9 | 10-12 || total
-------------------------+-------+-------+-------+-------++-------
Melee: Unarmed           |     8 |     7 |       |       ||    15
       Club              |    17 |     4 |       |       ||    21
       Flail             |       |     9 |    22 |    85 ||   116
       Headbutt          |       |     3 |     3 |    13 ||    19
 Cast: Magic Dart        |    63 |    80 |    41 |    48 ||   232
       Searing Ray       |    10 |    48 |    40 |    32 ||   130
       Iskenderun's Myst |       |       |    22 |    88 ||   110
       Venom Bolt        |       |       |       |    91 ||    91
       Orb of Destructio |       |       |       |    16 ||    16
       Force Lance       |       |       |       |     1 ||     1
Evoke: Wand              |       |       |       |     2 ||     2
  Use: Scroll            |     3 |     7 |     9 |    13 ||    32
       Potion            |       |     1 |       |     1 ||     2
 Stab: Sleeping          |     2 |       |     1 |       ||     3
  Eat: Chunk             |     8 |    11 |    10 |    39 ||    68
       Ration            |       |     2 |     3 |     7 ||    12
Armor: Robe              |     6 |     9 |    15 |    26 ||    56
       Skin              |       |     2 |       |       ||     2
Dodge: Dodged            |    25 |    24 |    44 |    97 ||   190
Block: Other             |       |       |       |     3 ||     3
       Buckler           |       |       |       |    45 ||    45
